 Dungeon Crawl Stone Soup version 0.29.1-14-g9c671dbff4 (webtiles) character file.

Game seed: 354197322178263234

6008 croobank the Chiller (level 10, -2/74 HPs)
             Began as a Demigod Ice Elementalist on Feb 12, 2023.
             Slain by a six-headed hydra (4 damage)
             ... on level 1 of the Lair of Beasts.
             The game lasted 00:52:01 (16580 turns).

croobank the Chiller (Demigod Ice Elementalist)    Turns: 16580, Time: 00:52:02

Health: -2/74      AC:  6    Str:  9    XL:     10   Next: 31%
Magic:  4/22       EV: 14    Int: 29    God:
Gold:   548        SH:  0    Dex: 14    Spells: 7/20 levels left

rFire   . . .      SeeInvis .   z - +4 scimitar
rCold   . . .      Faith    .   (no shield)
rNeg    + + +      Spirit   .   L - +2 robe {rN+}
rPois   +          Reflect  .   (no helmet)
rElec   .          Harm     .   m - +0 cloak
rCorr   .          Rampage  .   (no gloves)
Will    ++...                   n - +0 pair of boots
Stlth   +++.......              (no amulet)
HPRegen 0.22/turn               p - ring of positive energy
MPRegen 0.18/turn               r - ring of positive energy

@: on blink cooldown
A: high MP 1, forlorn, divine attributes, frail 1, strong-willed 1, poison
resistance
a: no special abilities


You were on level 1 of the Lair of Beasts.
You visited 2 branches of the dungeon, and saw 11 of its levels.

You collected 548 gold pieces.

Inventory:

Hand Weapons
 b - a +2 dagger of venom
 d - a +0 war axe
 e - a +0 short sword of venom
 s - a +0 quarterstaff
 v - a +0 trident
 w - a +1 hand axe of venom
 x - a +0 short sword of electrocution
 y - a +2 vorpal long sword
 z - a +4 scimitar (weapon)
 A - a +0 broad axe
 B - a +4 dagger
Missiles
 f - 14 boomerangs
 h - 32 poisoned darts
Armour
 m - a +0 cloak (worn)
 n - a +0 pair of boots (worn)
 I - the +2 robe of Incorporation {Drain rPois rCorr Str+5}
   (You found it on level 8 of the Dungeon)

   Str:       It affects your strength (+5).
   rPois:     It protects you from poison.
   rCorr:     It protects you from acid and corrosion.
   Drain:     It drains your maximum health when unequipped.
 L - a +2 robe of positive energy (worn)
Jewellery
 l - a ring of protection from cold
 o - a ring of fire
 p - a ring of positive energy (left hand)
 r - a ring of positive energy (right hand)
 E - the ring "Ysyubb" {rC- EV+4 Str+7}
   (You found it on level 7 of the Dungeon)

   [ring of evasion]

   EV:        It affects your evasion (+4).
   Str:       It affects your strength (+7).
   rC:        It makes you vulnerable to cold.
Wands
 F - a wand of mindburst (9)
 K - a wand of polymorph (6)
Scrolls
 c - a scroll of amnesia
 i - 2 scrolls of noise
 j - a scroll of magic mapping
 C - 4 scrolls of silence
Potions
 k - 3 potions of brilliance
 t - 3 potions of resistance
 u - 3 potions of attraction
 G - a potion of haste


   Skills:
 + Level 6.0 Fighting
 + Level 3.4 Axes
 + Level 6.4 Dodging
 + Level 7.0 Stealth
 + Level 5.9 Spellcasting
 - Level 3.0 Conjurations
 + Level 7.1 Ice Magic


You had 7 spell levels left.
You knew the following spells:

 Your Spells              Type           Power      Damage    Failure   Level
a - Freeze                Ice            100%       1d11      1%          1
b - Frozen Ramparts       Ice            100%       1d16      1%          3
c - Ozocubu's Armour      Ice            50%        N/A       1%          3
d - Hailstorm             Conj/Ice       38%        3d9       7%          4
e - Blink                 Tloc           16%        N/A       9%          2

Your spell library contained the following spells:

 Spells                   Type           Power      Damage    Failure   Level
 Sublimation of Blood     Necr           8%         N/A       9%          2
 Ice Form                 Ice/Tmut       29%        N/A       13%         4
 Summon Ice Beast         Ice/Summ       29%        N/A       13%         4
 Inner Flame              Hex/Fire       8%         N/A       17%         3
 Portal Projectile        Hex/Tloc       16%        N/A       17%         3
 Flame Wave               Conj/Fire      17%        2d7       30%         4
 Leda's Liquefaction      Hex/Erth       4%         N/A       50%         4
 Petrify                  Tmut/Erth      8%         N/A       50%         4
 Irradiate                Conj/Tmut      8%         3d14      65%         5
 Lee's Rapid Deconstruct  Erth           4%         3d6*      85%         5
 Statue Form              Tmut/Erth      5%         N/A       100%        6


Dungeon Overview and Level Annotations

Branches:
Dungeon (10/15)            Temple (0/1) D:7            Lair (1/5) D:9
    Orc: D:9-12

Shops:
D:2 =   D:3 :   D:7 :

Annotations:
D:8 3 runed translucent doors, buriedalive's ghost, novice DECj
D:10 Josephine


Innate Abilities, Weirdness & Mutations

You have an increased reservoir of magic. (+10% MP)
You shall have no god before yourself.
Your divine heritage dramatically boosts your attributes as you level up.
You are frail. (-10% HP)
You are strong-willed. (Will+)
Your system is resistant to poisons. (rPois)


Message History

Casting: Ozocubu's Armour (safe; 1% risk of failure)
Confirm with . or Enter, or press ? or * to list all spells.
Casting: Frozen Ramparts (safe; 1% risk of failure)
Press: ? - help, Dir - look around, f - activate The walls around you are covered in ice.
The wall freezes the wyvern.
You kill the wyvern!
The wall freezes the elephant but does no damage.
The elephant tramples you but does no damage.
The elephant barely misses you.
Your Fighting skill increases to level 6!
Your Stealth skill increases to level 7!
You completely miss the elephant.
The elephant is heavily wounded.
The wall freezes the elephant.
The elephant tramples you!
* * * LOW HITPOINT WARNING * * *
You hold your ground!
The elephant trunk-slaps you.
* * * LOW HITPOINT WARNING * * *
Okay, then.
Blink to where?
Press: ? - help, Dir - move target Your icy armour and frozen ramparts will break if you move.
Continue?
Your icy armour cracks and falls away as you move.
The frozen ramparts melt away as you move.
As you read the scroll of blinking, it crumbles to dust.
You climb downwards.
Welcome to the Lair of Beasts!
Found 12 gold pieces.
Found two stone staircases leading down.
There is a staircase back to the Dungeon here.
Found an amethyst potion.
Okay, then.
Okay, then.
Okay, then.
Casting: Frozen Ramparts (safe; 1% risk of failure)
Confirm with . or Enter, or press ? or * to list all spells.
You blink.
The six-headed hydra bites you.
* * * LOW HITPOINT WARNING * * *
The six-headed hydra barely misses you. The six-headed hydra misses you.
The six-headed hydra bites you.
You die...

........
.........#
#........#
#.#......#.
#.#........
#######.+......#.
........#........
...>.....@.#####
........D.....$..
.......ยง.........
##......##.#####.
...#...#. >.. ..
+... ...... #...
.......# ....
#####.+. ....! ..


You could see a six-headed hydra.

Vanquished Creatures
  A sun demon (D:9)
  Pikel (D:6)
  Maggie (D:7)
  A red devil (D:9)
  Prince Ribbit (D:6)
  2 wyverns (D:9)
  A basilisk (D:9)
  3 vampire mosquitoes (D:7)
  Menkaure (D:4)
  3 orc warriors
  2 sky beasts
  An ice beast (D:7)
  2 black bears
  4 ogres
  2 centaurs
  2 lemures (D:6)
  A phantom (D:5)
  2 kobold brigands
  6 bullfrogs
  2 necrophages
  3 scorpions
  3 wights
  3 killer bees (D:10)
  4 howler monkeys
  3 jellies
  2 quasits (D:9)
  2 hounds
  6 orc priests
  7 orc wizards
  7 gnolls
  7 adders
  2 shadow imps (D:6)
  A white imp (D:7)
  2 ufetubi
  A worm (D:2)
  3 dart slugs
  43 orcs
  7 ball pythons
  5 endoplasms
  3 giant cockroaches (D:3)
  5 goblins
  7 hobgoblins
  2 quokkas
  5 bats
  4 frilled lizards
  15 kobolds
  7 rats
198 creatures vanquished.

Vanquished Creatures (others)
  15 demonic plants (D:9)
  6 fungi
  24 plants
45 creatures vanquished.

Grand Total: 243 creatures vanquished

Notes
Turn   | Place    | Note
-------+----------+-------------------------------------------
     0 | D:1      | croobank the Demigod Ice Elementalist began the quest for
                  | the Orb.
     0 | D:1      | Reached XP level 1. HP: 14/14 MP: 5/5
   363 | D:1      | Got Quzuyrch's Grimoire of Incendiary Orientation
   503 | D:1      | Reached XP level 2. HP: 20/20 MP: 4/7
  1537 | D:2      | Reached XP level 3. HP: 7/27 MP: 1/8
  1939 | D:2      | Found Noneqim's Jewellery Shop.
  2020 | D:2      | Learned a level 3 spell: Frozen Ramparts
  3024 | D:3      | Reached skill level 1 in Fighting
  3325 | D:3      | Found Zoalymm's Book Emporium.
  3447 | D:3      | Reached XP level 4. HP: 22/35 MP: 6/10
  4471 | D:3      | Learned a level 3 spell: Ozocubu's Armour
  4478 | D:3      | Reached XP level 5. HP: 40/40 MP: 3/11
  5699 | D:4      | Noticed Menkaure
  5720 | D:4      | Killed Menkaure
  5721 | D:4      | Reached XP level 6. HP: 17/49 MP: 3/13
  6314 | D:4      | HP: 2/50 [ogre/+0 giant club (17)]
  6730 | D:5      | Entered Level 5 of the Dungeon
  6740 | D:5      | Reached XP level 7. HP: 52/56 MP: 7/15
  7465 | D:5      | Reached skill level 5 in Ice Magic
  7799 | D:5      | Identified the +0 plate armour of Rimaxu {Dex+4}
  8619 | D:5      | Learned a level 4 spell: Hailstorm
  8747 | D:5      | HP: 2/57 [orc/+0 hand axe (4)]
  9389 | D:6      | Reached XP level 8. HP: 43/66 MP: 4/17
  9646 | D:6      | Noticed Pikel
  9660 | D:6      | Killed Pikel
  9661 | D:6      | Reached skill level 5 in Stealth
  9668 | D:6      | Noticed Prince Ribbit
  9692 | D:6      | Killed Prince Ribbit
  9693 | D:6      | Reached skill level 5 in Dodging
 10308 | D:6      | Gained mutation: Your system is resistant to poisons.
                  | (rPois) [potion of mutation]
 10308 | D:6      | Gained mutation: You are frail. (-10% HP) [potion of
                  | mutation]
 10308 | D:6      | Gained mutation: You are strong-willed. (Will+) [potion of
                  | mutation]
 10895 | D:5      | HP: 2/54 [wight/+4 scimitar (3)]
 11216 | D:5      | Learned a level 2 spell: Blink
 12288 | D:7      | Found a staircase to the Ecumenical Temple.
 12356 | D:7      | Reached XP level 9. HP: 61/63 MP: 13/20
 12689 | D:7      | Reached skill level 5 in Spellcasting
 12691 | D:7      | Reached skill level 1 in Conjurations
 12877 | D:7      | Noticed Maggie
 12885 | D:7      | Reached skill level 5 in Fighting
 12885 | D:7      | Reached skill level 1 in Axes
 13039 | D:7      | Found Siez's Book Emporium.
 13258 | D:7      | Identified the ring "Ysyubb" {rC- EV+4 Str+7}
 13286 | D:7      | Killed Maggie
 13692 | D:8      | Identified the +2 robe of Incorporation {Drain rPois rCorr
                  | Str+5}
 14538 | D:8      | Found a runed translucent gate.
 14538 | D:8      | Found a runed translucent gate.
 14538 | D:8      | Found a runed translucent gate.
 14541 | D:8      | Noticed buriedalive's ghost (novice DECj)
 14542 | D:8      | Noticed a centaur warrior
 14935 | D:9      | Noticed a sun demon
 14945 | D:9      | Killed a sun demon
 14946 | D:9      | Reached XP level 10. HP: 53/74 MP: 1/22
 14991 | D:9      | Noticed a soul eater
 15821 | D:9      | Noticed a soul eater
 16068 | D:10     | Entered Level 10 of the Dungeon
 16068 | D:10     | Noticed Josephine
 16559 | D:9      | Noticed an elephant
 16560 | D:9      | Found a staircase to the Lair.
 16578 | Lair:1   | Entered Level 1 of the Lair of Beasts
 16578 | Lair:1   | Noticed a six-headed hydra
 16580 | Lair:1   | HP: 2/74 [six-headed hydra (4)]
 16580 | Lair:1   | Slain by a six-headed hydra

Illustrated notes

Levels and vault maps discovered:
D:1:      ncdulo_smallfort, layout_loops_ring,
          dreamdust_ecumenical_altar_angels_and_demons
D:2:      layout_loops_cross, serial_shops, shop_fountains,
          dreamdust_mushroom_princess, hangedman_glass_teeth,
          chequers_serial_rivers_small_b, minivault_5
D:3:      layout_rooms, general_overflow_altar, old_standard_altar,
          jmf_multi_god_temple, serial_shops, shop
D:4:      layout_basic, doesnt_xom_only_xom, serial_bayou_lagoon_b,
          uniq_menkaure
D:5:      layout_cave_pods, kennysheep_boxes
D:6:      layout_basic, overflow_temple_1_default, uniq_prince_ribbit1,
          uniq_pikel
D:7:      layout_loops_ring, minmay_temple_entry_glassed_door, serial_shops,
          shop_fountains, uniq_maggie
D:8:      wad_pebble_path, layout_cave_pods,
          mainiacjoe_overflow_six_doors_small, amcnicky_altar_gilded,
          tso_oasis_becter, ebering_ghost_gozag, corexii_checkpoint_b
D:9:      layout_loops_cross, amethyst_overflow_temple_binary, okawaru_trees_1,
          david_lair_generic, serial_demonic, serial_demonic_f,
          serial_demonic_g, serial_demonic_g, serial_demonic_c,
          serial_demonic_c, serial_demonic_f, serial_demonic_b
D:10:     layout_roguey, mainiacjoe_overflow_24_doors, david_orc_2,
          uniq_erolcha, uniq_josephine, uniq_joseph
Lair:1:   layout_chaotic_city, nicolae_quartered_pool_medium

Skill      XL: |  1  2  3  4  5  6  7  8  9 10 |
---------------+-------------------------------+-----
Dodging        | 2 3 4 5 6 |  6.4
Stealth        | 2 3 4 5 6 7 |  7.0
Spellcasting   | 2 3 4 5 |  5.9
Fighting       | 1 2 3 4 5 6 |  6.0
Ice Magic      | 4 5 6 7 |  7.1
Conjurations   | 3 |  3.0
Axes           | 2 3 |  3.4

Action                   |  1- 3 |  4- 6 |  7- 9 | 10-12 || total
-------------------------+-------+-------+-------+-------++-------
Melee: Unarmed           |     2 |       |       |       ||     2
       Dagger            |    21 |       |       |       ||    21
       Short sword       |     5 |    98 |       |       ||   103
       Trident           |       |       |   127 |       ||   127
       Hand axe          |       |       |    69 |       ||    69
       Punch             |       |       |     3 |     1 ||     4
       Scimitar          |       |       |    29 |    43 ||    72
 Cast: Freeze            |    41 |    10 |    32 |     1 ||    84
       Frozen Ramparts   |     9 |    23 |    44 |     7 ||    83
       Ozocubu's Armour  |       |    13 |    42 |    10 ||    65
       Hailstorm         |       |       |    18 |     5 ||    23
       Blink             |       |       |       |     1 ||     1
  Use: Scroll            |     8 |     3 |     8 |     7 ||    26
       Potion            |     1 |     3 |     8 |     4 ||    16
 Stab: Sleeping          |     5 |     3 |     1 |     1 ||    10
Armor: Robe              |     7 |    46 |   105 |    35 ||   193
Dodge: Dodged            |    34 |    89 |   234 |    87 ||   444
